 Dungeon Crawl Stone Soup version 0.28.0-53-g5a82cb258f (webtiles) character file.

Game seed: 16829793771839323882

231 MiltankisOP the Stinger (level 6, -4/38 HPs)
             Began as an Octopode Transmuter on July 12, 2022.
             Was a Believer of Sif Muna.
             Succumbed to a kobold brigand's curare-tipped dart
             ... in a sewer.
             The game lasted 00:05:03 (4559 turns).

MiltankisOP the Stinger (Octopode Transmuter)       Turns: 4559, Time: 00:05:03

Health: -4/38      AC:  1    Str:  9      XL:     6   Next: 3%
Magic:  8/9        EV: 13    Int: 16      God:    Sif Muna [**....]
Gold:   50         SH:  0    Dex:  9 (14) Spells: 5/9 levels left

rFire   . . .      SeeInvis .     - Unarmed
rCold   . . .      Faith    .   (no shield)
rNeg    . . .      Spirit   .   (helmet currently unavailable)
rPois   .          Reflect  .   (no amulet)
rElec   .          Harm     .   (no ring)
rCorr   .          Rampage  .   (no ring)
Will    .....                   (no ring)
Stlth   +++.......              (no ring)
HPRegen 0.12/turn               (no ring)
MPRegen 0.11/turn               (no ring)
                                (no ring)
                                (no ring)

@: lethally poisoned (-4 -> -37), appendages, slowed, very slow
A: tentacle spike 3, almost no armour, amphibious, 8 rings, camouflage 1,
gelatinous body 1, nimble swimmer 1, tentacles
a: End Transformation, Renounce Religion, Channel Magic


You were in a sewer.
You worshipped Sif Muna.
Sif Muna was pleased with you.
One of your tentacles had grown a beastly spike.
You visited 1 branch of the dungeon, and saw 3 of its levels.
You also visited: Sewer.

You collected 50 gold pieces.

Inventory:

Scrolls
 b - 3 scrolls of identify {unknown}
 e - 2 scrolls of summoning {unknown}
Potions
 a - 2 potions of ambrosia {unknown}
 c - a potion of degeneration {unknown}
 d - 2 potions of brilliance {unknown}
 f - a potion of cancellation {unknown}
 g - a potion of magic {unknown}


   Skills:
 - Level 1.0 Fighting
 - Level 2.0 Dodging
 - Level 3.0 Unarmed Combat
 - Level 2.0 Spellcasting
 + Level 4.4 Transmutations
 + Level 4.6 Poison Magic


You had 5 spell levels left.
You knew the following spells:

 Your Spells              Type           Power      Damage    Failure   Level
a - Beastly Appendage     Tmut           30%        N/A       3%          1
b - Spider Form           Tmut/Pois      16%        N/A       10%         3

Your spell library contained the following spells:

 Spells                   Type           Power      Damage    Failure   Level
 Wereblood                Tmut           15%        N/A       4%          2
 Shock                    Conj/Air       4%         1d3       21%         1
 Swiftness                Air            1%         N/A       52%         3
 Ice Form                 Ice/Tmut       8%         N/A       63%         4
 Airstrike                Air            0%         N/A       90%         4


Dungeon Overview and Level Annotations

Branches:
Dungeon (3/15)              Sewer (1/1)

Altars:
Sif Muna
Uskayaw


Innate Abilities, Weirdness & Mutations

One of your tentacles has grown a beastly spike.
You cannot wear most types of armour.
You are amphibious.
You can wear up to eight rings at the same time.
Your skin changes colour to match your surroundings (Stealth+).
Your rubbery body absorbs attacks. (AC +1, EV +1)
You are camouflaged when in or above water. (Stealth+)
You have tentacles for arms and can constrict up to eight enemies at once.


Message History

The kobold shoots a bolt.
The bolt hits you.
The kobold shoots a bolt.
The bolt barely misses you.
Casting: Beastly Appendage (safe; 3% risk of failure)
Confirm with . or Enter, or press ? or * to list all spells.
One of your tentacles grows a vicious spike.
The kobold shoots a bolt.
The bolt hits you!
The kobold unwields a +0 hand crossbow.
The kobold wields a +0 club.
The kobold completely misses you.
You barely miss the kobold. Your grab misses the kobold.
You pierce the kobold.
You kill the kobold!
Sif Muna accepts your kill.
Your transformation is almost over.
A kobold brigand is nearby!
Your tentacle spike disappears.
A kobold brigand is nearby!
A kobold brigand is nearby!
The kobold brigand shouts!
Casting: Beastly Appendage (safe; 3% risk of failure)
Confirm with . or Enter, or press ? or * to list all spells.
One of your tentacles grows a vicious spike.
The kobold brigand throws a curare-tipped dart.
The curare-tipped dart barely misses you.
The kobold brigand throws a curare-tipped dart.
The curare-tipped dart hits you.
You are poisoned.
You have difficulty breathing.
You feel yourself slow down.
You feel very sick.
The kobold brigand throws a curare-tipped dart.
The curare-tipped dart hits you.
You are lethally poisoned!
You have difficulty breathing.
* * * LOW HITPOINT WARNING * * *
You feel as though you will be slow longer.
The kobold brigand throws a curare-tipped dart.
The curare-tipped dart hits you.
You are more poisoned.
You have difficulty breathing.
* * * LOW HITPOINT WARNING * * *
You feel as though you will be slow longer.
You die...

#≈.≈.K≈.....≈≈≈.≈))≈≈≈#
#......#.).#....))#≈≈≈#
#'#######≈#######)#.≈≈#
#......#≈≈≈#....K.#≈≈≈#
#≈.≈...#≈≈≈#..≈≈≈.#≈.≈#
#≈≈≈≈≈...≈...≈≈≈≈≈#≈≈≈#
#≈≈≈≈≈≈#...#.≈≈≈≈≈#≈≈≈#
#≈≈≈≈≈≈#...≈≈≈≈≈≈≈#≈≈≈#
#≈≈≈≈≈≈#...#≈≈≈≈@≈#≈≈≈#
#≈≈≈≈≈≈≈...#≈≈≈≈≈≈#≈≈≈#
#≈≈≈≈≈≈#...#≈≈≈≈≈≈#≈≈≈#
#≈≈≈≈≈≈#...≈≈≈≈≈≈≈#≈≈≈#
#≈≈≈≈≈≈≈.).≈≈≈≈≈≈≈#≈≈≈#
#≈≈≈≈≈≈#...#≈≈≈≈≈≈#≈≈≈#
#≈≈≈≈≈≈#...≈≈≈≈≈≈≈#≈≈≈#
#≈≈≈≈≈≈≈...#≈≈≈≈≈≈#≈≈≈#
#≈≈≈≈≈≈#...#≈≈≈≈≈≈#≈≈≈#


You could see a kobold brigand.

Vanquished Creatures
  2 quasits (Sewer)
  A gnoll (D:1)
  4 adders (D:2)
  2 shadow imps (Sewer)
  4 ufetubi (Sewer)
  3 worms (D:3)
  3 dart slugs
  4 ball pythons
  4 endoplasms
  4 giant cockroaches
  7 goblins
  5 hobgoblins
  2 jackals (D:2)
  2 quokkas
  5 bats
  5 frilled lizards
  14 kobolds
  2 kobold zombies (Sewer)
  7 rats
80 creatures vanquished.

Vanquished Creatures (others)
  An endoplasm (Sewer)
  A kobold zombie (Sewer)
2 creatures vanquished.

Grand Total: 82 creatures vanquished

Notes
Turn   | Place    | Note
-------+----------+-------------------------------------------
     0 | D:1      | MiltankisOP the Octopode Transmuter began the quest for the
                  | Orb.
     0 | D:1      | Reached XP level 1. HP: 13/13 MP: 3/3
   478 | D:1      | Reached skill level 1 in Poison Magic
   490 | D:1      | Reached XP level 2. HP: 10/18 MP: 5/5
  1264 | D:1      | Reached XP level 3. HP: 17/23 MP: 4/6
  1644 | D:1      | Found a faded altar of an unknown god.
  1648 | D:1      | Prayed at the altar of an unknown god.
  1648 | D:1      | Became a worshipper of Sif Muna the Loreminder
  1648 | D:1      | Reached * piety under Sif Muna
  2028 | D:2      | Reached XP level 4. HP: 18/28 MP: 5/7
  2518 | D:2      | Found a hide-covered altar of Uskayaw.
  3473 | D:3      | Found a glowing drain.
  3500 | D:3      | Reached ** piety under Sif Muna
  3506 | Sewer    | Entered a sewer
  3622 | Sewer    | Reached XP level 5. HP: 33/33 MP: 6/8
  3864 | Sewer    | Learned a level 3 spell: Spider Form
  4189 | Sewer    | Found a burning altar of Makhleb.
  4342 | Sewer    | Reached XP level 6. HP: 23/38 MP: 9/9
  4559 | Sewer    | Succumbed to a kobold brigand's curare-tipped dart

Illustrated notes

Levels and vault maps discovered:
D:1:      sevenhm_arrival_forest_fort_small_5, layout_basic,
          ebering_ecumenical_altar_abandoned
D:2:      layout_basic, basic_altar
D:3:      layout_loops_ring, cheibrodos_sewer_entry_bend, uniq_natasha
Sewer:    kennysheep_sewer_church

Skill      XL: |  1  2  3  4  5 |
---------------+----------------+-----
Poison Magic   | 1 2 3 4 |  4.6
Transmutations | 3 4 |  4.4
Fighting       | |  1.0
Dodging        | |  2.0
Unarmed Combat | |  3.0
Spellcasting   | |  2.0

Action                   |  1- 3 |  4- 6 || total
-------------------------+-------+-------++-------
Melee: Unarmed           |    78 |   126 ||   204
       Tentacles         |    16 |    24 ||    40
       Kick              |    18 |    45 ||    63
       Constrict         |    16 |    32 ||    48
       Punch             |     2 |     3 ||     5
 Cast: Beastly Appendage |    20 |    26 ||    46
 Stab: Sleeping          |     5 |     7 ||    12
Armor: Skin              |     5 |    12 ||    17
Dodge: Dodged            |    39 |    95 ||   134
